[Event "GER-ch Blitz 2019"]
[Site "Magdeburg"]
[Date "2019.05.25"]
[Round "9.10"]
[White "Heistermann, Till"]
[Black "Stein, Robert"]
[Result "0-1"]
[ECO "A05"]
[WhiteElo "2181"]
[BlackElo "2318"]
[Annotator "NA"]
[PlyCount "72"]
[EventDate "2019.05.25"]
[EventType "tourn"]
[EventCountry "GER"]
[Tiebreak "Number of wins+Number of black wins"]
[SourceTitle "playchess.com"]
[Source "ChessBase"]
[SourceQuality "1"]
[TimeControl "180+2"]

1. Nf3 Nf6 2. b3 g6 3. Bb2 Bg7 4. e3 O-O 5. d4 d6 6. Nbd2 Nbd7 7. Bd3 c6 8. O-O Qc7 9. c4 e5 10. Qc2 Re8 11. e4 exd4 12. Nxd4 Nc5 13. Rfe1 a5 14. Rad1 Ng4 15.
h3 Ne5 16. Bf1 a4 17. b4 a3 18. Ba1 Na6 19. Qb3 Bd7 20. f4 Qb6 21. Kh1 Ng4 22. hxg4 Bxd4 23. Bxd4 Qxd4 24. Qxa3 Bxg4 25. Nf3 Qf6 26. Qd3 Qxf4 27. Qxd6 Qxd6 28. Rxd6 Nxb4 29. Rb1 c5 30. Rb6 Bc8 31. e5 Nc6 32. R6b5 Rxa2 33. Rxc5 Bg4 34. Rxb7 Bxf3 35. gxf3 Nxe5 36. Rcc7 Rd8 0-1

[Event "GER-ch Blitz 2019"]
[Site "Magdeburg"]
[Date "2019.05.25"]
[Round "9.11"]
[White "Zuyev, Igor"]
[Black "Barzen, Pascal"]
[Result "0-1"]
[ECO "B13"]
[WhiteElo "2447"]
[BlackElo "2292"]
[Annotator "NA"]
[PlyCount "92"]
[EventDate "2019.05.25"]
[EventType "tourn"]
[EventCountry "GER"]
[Tiebreak "Number of wins+Number of black wins"]
[SourceTitle "playchess.com"]
[Source "ChessBase"]
[SourceQuality "1"]
[TimeControl "180+2"]

1. e4 c6 2. d4 d5 3. exd5 cxd5 4. Bd3 Nc6 5. c3 Nf6 6. Bf4 Bg4 7. Qb3 Qc8 8. Nd2 e6 9. Ngf3 Be7 10. O-O Bh5 11. Ne5 Nxe5 12. Bxe5 O-O 13. c4 dxc4 14. Bxc4 Qd7 15. Rfe1 a6 16. Be2 Bxe2 17. Rxe2 b5 18.
Ne4 Nxe4 19. Rxe4 Rfc8 20. Ree1 Rc4 21. Rad1 Qd5 22. Qg3 Bf8 23. Rc1 Rac8 24. Rxc4 Qxc4 25. Qf3 Qxa2 26. Qb7 Rd8 27. Qc7 Qd5 28. Qa7 f6 29. Bg3 Qxd4 30. Qxa6 e5 31. Qxb5 Qd2 32. Rf1 Qd5 33. Qxd5+ Rxd5 34. Rb1 Rb5 35. b3 Kf7 36. f3 Ke6 37. Bf2 g5 38. Kf1 h5 39. Ke2 f5 40.
Kd3 Kd5 41. Be3 Be7 42. Kc3 f4 43. Bf2 Bb4+ 44. Kd3 Ra5 45.
Rd1 Ra2 46. Rf1 Rd2# 0-1

[Event "GER-ch Blitz 2019"]
[Site "Magdeburg"]
[Date "2019.05.25"]
[Round "9.12"]
[White "Hebbinghaus, Holger"]
[Black "Frischmann, Rick"]
[Result "1-0"]
[ECO "D00"]
[WhiteElo "2310"]
[BlackElo "2320"]
[Annotator "NA"]
[PlyCount "106"]
[EventDate "2019.05.25"]
[EventType "tourn"]
[EventCountry "GER"]
[Tiebreak "Number of wins+Number of black wins"]
[SourceTitle "playchess.com"]
[Source "ChessBase"]
[SourceQuality "1"]
[TimeControl "180+2"]

1. d4 d5 2. Bf4 Nc6 3. e3 Nf6 4. Nf3 Bg4 5. c4 e6 6. Nc3 Bb4 7. Be2 dxc4 8. Bxc4 Nd5 9. O-O Nxf4 10. exf4 O-O 11. Be2 Qd6 12. Ne5 Bxe2 13. Nxe2 Rfd8 14. Nxc6 Qxc6 15. Qb3 Ba5 16. Rfd1 Bb6 17. Rac1 Qe4 18. Qe3 Qf5 19. Qe5 Qg6 20. Rc3 Rd5 21. Qe3 Rad8 22. Rcd3 c5 23. Qg3 Qf5 24. Qf3 cxd4 25. Rc1 h6 26. Ng3 Qg6 27. Ne4 f5 28. Ng3 Kh7 29. Ne2 e5 30. fxe5 Rxe5 31. h3 Rde8 32. Nf4 Re1+ 33. Rxe1 Rxe1+ 34. Kh2 Qd6 35. g3 Rb1 36. Ne2 Qe5 37.
b3 Rb2 38. Ng1 Qe4 39. Kg2 Rb1 40. Ne2 Rb2 41. Nc1 g6 42. a4 a5 43. h4 h5 44. Rd1 Qxf3+ 45. Kxf3 Kg7 46. Rd3 Kf6 47. Ne2 Ke5 48. Nf4 Rc2 49.
Nxg6+ Kf6 50. Nf4 Rc3 51. Nd5+ Ke5 52. Nxc3 dxc3 53. Rxc3 Kd5 {Ke4+} 1-0

[Event "GER-ch Blitz 2019"]
[Site "Magdeburg"]
[Date "2019.05.25"]
[Round "9.13"]
[White "Hirneise, Jens"]
[Black "Krause, Benedict"]
[Result "1/2-1/2"]
[ECO "B45"]
[WhiteElo "2375"]
[BlackElo "2434"]
[Annotator "NA"]
[PlyCount "136"]
[EventDate "2019.05.25"]
[EventType "tourn"]
[EventCountry "GER"]
[Tiebreak "Number of wins+Number of black wins"]
[SourceTitle "playchess.com"]
[Source "ChessBase"]
[SourceQuality "1"]
[TimeControl "180+2"]

1. e4 c5 2. Nf3 e6 3. d4 cxd4 4. Nxd4 Nc6 5. Nc3 Nf6 6. Ndb5 Bc5 7. Bf4 O-O 8. Bc7 Qe7 9. Bd6 Bxd6 10.
Qxd6 Qd8 11. O-O-O Qb6 12. Qg3 a6 13. Nd6 Ne8 14. Nxe8 Rxe8 15. f4 Ne7 16. Bd3 d5 17. h4 d4 18. Ne2 Nc6 19. a3 Bd7 20.
h5 h6 21. Rh4 Kh8 22. Rg4 Rg8 23. f5 e5 24. Ng1 Qd8 25. Nf3 Qf6 26. Kb1 b5 27. Rh1 Rab8 28. Qe1 a5 29. Nh2 a4 30. Rg3 b4 31. Ng4 Qd6 32.
axb4 Rxb4 33. f6 Bxg4 34. Rxg4 gxf6 35. Rxg8+ Kxg8 36. Rf1 Kf8 37. Qd2 Ke7 38. Ka1 a3 39. b3 Qc5 40. Bc4 Na5 41. Qf2 Qd6 42. Bd5 Rb8 43. Qd2 Qc5 44. Rf3 Rd8 45. b4 Qb6 46. Qe1 Nc6 47. Bxc6 Qxc6 48. Qd2 Rc8 49. Kb1 a2+ 50. Kxa2 Qxc2+ 51. Qxc2 Rxc2+ 52. Kb3 Rxg2 53. b5 Re2 54. b6 Re3+ 55. Rxe3 dxe3 56. b7 e2 57. b8=Q e1=Q 58. Qc7+ Kf8 59. Qc8+ Kg7 60. Qg4+ Kh7 61. Qf5+ Kg8 62. Qg4+ Kf8 63. Qc8+ Ke7 64. Qc7+ Kf8 65. Qc8+ Kg7 66. Qg4+ Kh8 67. Qc8+ Kh7 68. Qf5+ Kg7 1/2-1/2

[Event "GER-ch Blitz 2019"]
[Site "Magdeburg"]
[Date "2019.05.25"]
[Round "9.14"]
[White "Schneider, Ilja"]
[Black "Stern, Rene"]
[Result "0-1"]
[ECO "A45"]
[WhiteElo "2494"]
[BlackElo "2538"]
[Annotator "ChessBase"]
[PlyCount "66"]
[EventDate "2019.05.25"]
[EventType "tourn"]
[EventCountry "GER"]
[Tiebreak "Number of wins+Number of black wins"]
[SourceTitle "playchess.com"]
[Source "ChessBase"]
[SourceQuality "1"]
[TimeControl "180+2"]

1. d4 Nf6 2. Bg5 e6 3. e4 h6 4. Bxf6 Qxf6 5. Nc3 Bb4 6. Qd3 c5 7. e5 Qg6 8. Qxg6 fxg6 9. O-O-O Bxc3 10. bxc3 Nc6 11. Nf3 g5 12. h4 g4 13. Nh2 h5 14. f4 cxd4 15. cxd4 b6 16. g3 Bb7 17. Bg2 Rc8 18.
d5 Nb4 19. Rd2 Bxd5 20. Bxd5 Nxd5 21. Rhd1 Rc3 22. Nf1 Ke7 23. Rxd5 exd5 24. Rxd5 Rhc8 25. Rd2 Rf3 26. Rd1 g6 27. Kb2 Rfc3 28. Rd2 R8c6 29. Re2 Rf3 30. Nd2 Rxg3 31. Ne4 Rf3 32. Nf6 Rxf6 33. exf6+ Kxf6 0-1

[Event "GER-ch Blitz 2019"]
[Site "Magdeburg"]
[Date "2019.05.25"]
[Round "9.15"]
[White "Schulz, Karsten"]
[Black "Carow, Johannes"]
[Result "1/2-1/2"]
[ECO "A04"]
[WhiteElo "2227"]
[BlackElo "2445"]
[Annotator "NA"]
[PlyCount "147"]
[EventDate "2019.05.25"]
[EventType "tourn"]
[EventCountry "GER"]
[Tiebreak "Number of wins+Number of black wins"]
[SourceTitle "playchess.com"]
[Source "ChessBase"]
[SourceQuality "1"]
[TimeControl "180+2"]

1. Nf3 c5 2. c4 Nc6 3. Nc3 Nd4 4. e3 Nxf3+ 5. Qxf3 g6 6. g3 Bg7 7. Bg2 Rb8 8. O-O d6 9. Qe2 Nh6 10. b3 Nf5 11. Bb2 a6 12. d3 b5 13. Nd5 O-O 14. Bxg7 Kxg7 15. Qd2 Kg8 16. Rac1 e6 17. Nc3 Bb7 18. Bxb7 Rxb7 19. Ne4 e5 20. Nc3 Ne7 21. cxb5 axb5 22. d4 cxd4 23. exd4 Nf5 24. dxe5 dxe5 25. Qxd8 Rxd8 26. Rfd1 Nd4 27. Kf1 Ra8 28. Rd2 Rc7 29. Ne2 Rxc1+ 30. Nxc1 Nf3 31. Rd5 Rc8 32. Nd3 e4 33. Nc5 Nxh2+ 34. Kg2 Ng4 35. Nxe4 Rc2 36. Rd2 Rc1 37. Nd6 b4 38. Nc4 Kg7 39. f3 Nh6 40. g4 Ng8 41. Kf2 Nf6 42. Ke3 Re1+ 43. Kd4 Rf1 44. Ke3 h6 45. Ne5 g5 46. Nd7 Re1+ 47. Kf2 Ra1 48. Nxf6 Kxf6 49. Rd4 Rxa2+ 50. Kg3 Rb2 51. Rxb4 Kg6 52. Rb6+ f6 53. Kh3 Rb1 54. Kg3 Rc1 55. Kh3 Rf1 56. Kg2 Rd1 57. Kf2 Rd8 58. Rb7 h5 59. gxh5+ Kxh5 60. Kg3 Rd3 61. Kf2 Kg6 62. Rb5 Rc3 63. Rb6 Kf5 64. Rb5+ Kf4 65. Rb4+ Ke5 66. Rb5+ Ke6 67. Rb6+ Kf7 68. b4 f5 69. b5 f4 70. Kg2 Kg7 71. Rc6 Rb3 72. b6 Kf7 73. Kf2 Ke7 74. Kg2 1/2-1/2

[Event "GER-ch Blitz 2019"]
[Site "Magdeburg"]
[Date "2019.05.25"]
[Round "10.1"]
[White "Braeuer, Franz"]
[Black "Gustafsson, Jan"]
[Result "0-1"]
[ECO "C45"]
[WhiteElo "2445"]
[BlackElo "2639"]
[Annotator "RC"]
[PlyCount "62"]
[EventDate "2019.05.25"]
[EventType "tourn"]
[EventCountry "GER"]
[Tiebreak "Number of wins+Number of black wins"]
[SourceTitle "playchess.com"]
[Source "ChessBase"]
[SourceQuality "1"]
[TimeControl "180+2"]

1. e4 e5 2. Nf3 Nc6 3. d4 exd4 4. Nxd4 Nf6 5. Nxc6 bxc6 6.
e5 Qe7 7. Qe2 Nd5 8. c4 Ba6 9. Nd2 O-O-O 10. g3 f6 11. Bg2 fxe5 12. O-O Nf6 13. Re1 Re8 14. b3 d5 15. Bb2 e4 16. Qe3 Kb8 17. h3 Ka8 18.
Rac1 Qd7 19. Bd4 Bb4 20. a3 Bxd2 21. Qxd2 dxc4 22. Red1 c5 23. Bxf6 Qxd2 24. Rxd2 gxf6 25. bxc4 Bb7 26. Rd7 Kb8 27. g4 h5 28. Rf7 hxg4 29. hxg4 Rhg8 30. Rxf6 Rxg4 31. Kf1 Reg8 0-1

[Event "GER-ch Blitz 2019"]
[Site "Magdeburg"]
[Date "2019.05.25"]
[Round "10.2"]
[White "Buhmann, Rainer"]
[Black "Ehmann, Thilo"]
[Result "1-0"]
[ECO "A65"]
[WhiteElo "2573"]
[BlackElo "2291"]
[Annotator "ChessBase"]
[PlyCount "106"]
[EventDate "2019.05.25"]
[EventType "tourn"]
[EventCountry "GER"]
[Tiebreak "Number of wins+Number of black wins"]
[SourceTitle "playchess.com"]
[Source "ChessBase"]
[SourceQuality "1"]
[TimeControl "180+2"]

1. d4 Nf6 2. c4 c5 3. d5 e6 4. Nc3 exd5 5. cxd5 d6 6. e4 g6 7. Be2 Bg7 8. Be3 O-O 9. Nf3 a6 10. a4 Ng4 11. Bg5 Bf6 12. Bxf6 Qxf6 13. O-O Ne5 14. Nd2 g5 15. a5 Nbd7 16. Na4 Rb8 17. Ra3 b5 18. axb6 Nxb6 19. Nc3 Nbd7 20. Qc2 Rb4 21. b3 h5 22. Bxa6 Bxa6 23. Rxa6 h4 24. h3 g4 25. f4 gxf3 26. Nxf3 Nxf3+ 27. Rxf3 Qd4+ 28. Kh1 c4 29. Ne2 Qg7 30. bxc4 Rb2 31. Qd1 Ne5 32. Rb3 Nxc4 33. Rxb2 Qxb2 34. Nf4 Qg7 35. Nh5 Qg5 36. Qg4 Qxg4 37. hxg4 Re8 38. Nf6+ Kf8 39. Nxe8 Kxe8 40. Kh2 Ke7 41. Kh3 Nd2 42. e5 dxe5 43. Kxh4 Ne4 44. g5 Nc3 45. d6+ Ke6 46. Ra7 Nd5 47. d7 Ke7 48. Kg4 Nb6 49. Kf5 Nxd7 50. g4 Kd6 51. Ra8 Ke7 52. Rc8 Kd6 53. Re8 Kd5 {Ke4+} 1-0

[Event "GER-ch Blitz 2019"]
[Site "Magdeburg"]
[Date "2019.05.25"]
[Round "10.3"]
[White "Kopylov, Michael"]
[Black "Baskin, Robert"]
[Result "1/2-1/2"]
[ECO "E01"]
[WhiteElo "2413"]
[BlackElo "2398"]
[Annotator "NA"]
[PlyCount "27"]
[EventDate "2019.05.25"]
[EventType "tourn"]
[EventCountry "GER"]
[Tiebreak "Number of wins+Number of black wins"]
[SourceTitle "playchess.com"]
[Source "ChessBase"]
[SourceQuality "1"]
[TimeControl "180+2"]

1. d4 Nf6 2. c4 e6 3. g3 d5 4. Bg2 Bb4+ 5. Nd2 O-O 6. Ngf3 dxc4 7.
Qc2 a5 8. O-O b5 9. a4 c6 10. b3 c3 11. Nb1 bxa4 12. Rxa4 Bb7 13. Nxc3 c5 14. Rd1 1/2-1/2

[Event "GER-ch Blitz 2019"]
[Site "Magdeburg"]
[Date "2019.05.25"]
[Round "10.4"]
[White "Koch, Thomas"]
[Black "Kirchner, Thomas"]
[Result "1/2-1/2"]
[ECO "A52"]
[WhiteElo "2474"]
[BlackElo "2311"]
[Annotator "ChessBase"]
[PlyCount "147"]
[EventDate "2019.05.25"]
[EventType "tourn"]
[EventCountry "GER"]
[Tiebreak "Number of wins+Number of black wins"]
[SourceTitle "playchess.com"]
[Source "ChessBase"]
[SourceQuality "1"]
[TimeControl "180+2"]

1. d4 Nf6 2. c4 e5 3. dxe5 Ng4 4. Bf4 g5 5. Bc1 Bg7 6. Nf3 Nxe5 7. e3 d6 8. Be2 Nbc6 9. O-O Be6 10. Nd4 Bd7 11. Nc3 O-O 12. b3 Nxd4 13.
exd4 Nc6 14. Be3 f5 15. f3 Re8 16. Bf2 a5 17. Rc1 Rc8 18.
Qd2 h6 19. Rfe1 Ne7 20. Bd3 c6 21. Ne2 d5 22. Ng3 Rf8 23.
Nh5 Bh8 24. Qc2 Be8 25. Ng3 Qd7 26. Re2 Bg6 27. Rce1 Rce8 28. Nxf5 Nxf5 29. Rxe8 Bxe8 30. Bxf5 Rxf5 31. Rxe8+ Qxe8 32. Qxf5 dxc4 33. bxc4 Qd8 34. Qe6+ Kf8 35. d5 Bf6 36. Bc5+ Kg7 37. d6 b5 38. cxb5 cxb5 39. h3 b4 40. d7 h5 41. Bd6 h4 42. Kh2 Qa8 43.
Qe8 Qd8 44. Be5 Bxe5+ 45. Qxe5+ Kf7 46. Qd6 a4 47. Qd5+ Kf8 48. Qc5+ Kf7 49. Qc4+ Kg7 50. Qd4+ Kf7 51. Qc4+ Kf6 52. Qa6+ Ke7 53. Qxa4 Qc7+ 54. Kg1 Qc1+ 55. Kf2 Qd2+ 56. Kf1 Qd3+ 57. Ke1 Qe3+ 58. Kd1 Qd3+ 59. Kc1 Qe3+ 60. Kc2 Qc3+ 61. Kd1 Qd3+ 62. Kc1 Qe3+ 63. Kb1 Qe1+ 64. Kb2 Qc3+ 65. Kb1 Qe1+ 66. Kc2 Qc3+ 67. Kd1 Qd3+ 68. Ke1 Qe3+ 69. Kf1 Qd3+ 70. Kf2 Qd2+ 71. Kg1 Qe1+ 72. Kh2 Qe5+ 73. Kg1 Qe1+ 74. Kh2 1/2-1/2

[Event "GER-ch Blitz 2019"]
[Site "Magdeburg"]
[Date "2019.05.25"]
[Round "10.5"]
[White "Heidrich, Manfred"]
[Black "Wichmann, Cliff"]
[Result "1/2-1/2"]
[ECO "A03"]
[WhiteElo "2351"]
[BlackElo "2280"]
[Annotator "NA"]
[PlyCount "70"]
[EventDate "2019.05.25"]
[EventType "tourn"]
[EventCountry "GER"]
[Tiebreak "Number of wins+Number of black wins"]
[SourceTitle "playchess.com"]
[Source "ChessBase"]
[SourceQuality "1"]
[TimeControl "180+2"]

1. f4 d5 2. Nf3 g6 3. g3 Bg7 4. Bg2 Nf6 5. d3 O-O 6. O-O Nc6 7. Qe1 d4 8. c3 dxc3 9. bxc3 Re8 10.
Na3 e5 11. fxe5 Nxe5 12. Nxe5 Rxe5 13. Nc4 Re8 14. d4 Bf5 15. Bxb7 Rb8 16. Bc6 Re6 17. Bg2 Be4 18. Bg5 Qd5 19. Bxf6 Rxf6 20. Bxe4 Qxe4 21. Rxf6 Bxf6 22. Qf2 Bg7 23. Qf3 Bxd4+ 24. Kg2 Qxf3+ 25. Kxf3 Bxc3 26. Rc1 Bf6 27. Ne3 Be5 28. Nd5 Rb7 29. Ne7+ Kg7 30. Nc6 Bd6 31. Rc4 Rb6 32. Nxa7 Ra6 33. Nb5 Rxa2 34. Nxc7 Ra3+ 35. Kf2 Bxc7 1/2-1/2

[Event "GER-ch Blitz 2019"]
[Site "Magdeburg"]
[Date "2019.05.25"]
[Round "10.6"]
[White "Feuerstack, Aljoscha"]
[Black "Svane, Frederik"]
[Result "1-0"]
[ECO "B22"]
[WhiteElo "2441"]
[BlackElo "2342"]
[Annotator "NA"]
[PlyCount "34"]
[EventDate "2019.05.25"]
[EventType "tourn"]
[EventCountry "GER"]
[Tiebreak "Number of wins+Number of black wins"]
[SourceTitle "playchess.com"]
[Source "ChessBase"]
[SourceQuality "1"]
[TimeControl "180+2"]

1. e4 c5 2. c3 e6 3. d4 cxd4 4. cxd4 d5 5. Nc3 Nc6 6. Nf3 dxe4 7. Nxe4 Nf6 8. Bd3 Bb4+ 9. Bd2 Bxd2+ 10. Qxd2 O-O 11. O-O Nd5 12. Rac1 Qb6 13. Nc5 Qb4 14. Qd1 b6 15. Rc4 Qa5 16. Nb3 Qb5 17. a4 Qa6 1-0

[Event "GER-ch Blitz 2019"]
[Site "Magdeburg"]
[Date "2019.05.25"]
[Round "10.7"]
[White "Schulze, Marc"]
[Black "Voege, Tobias"]
[Result "0-1"]
[ECO "A40"]
[WhiteElo "2220"]
[BlackElo "2294"]
[Annotator "NA"]
[PlyCount "80"]
[EventDate "2019.05.25"]
[EventType "tourn"]
[EventCountry "GER"]
[Tiebreak "Number of wins+Number of black wins"]
[SourceTitle "playchess.com"]
[Source "ChessBase"]
[SourceQuality "1"]
[TimeControl "180+2"]

1. d4 e6 2. Bf4 f5 3. Nf3 Nf6 4. h3 b6 5. e3 Bb7 6. Nbd2 Be7 7. Bd3 O-O 8.
Qe2 Ne4 9. c3 d6 10. O-O Nd7 11. Ba6 Bxa6 12. Qxa6 e5 13. dxe5 Nxd2 14. Nxd2 dxe5 15. Bh2 Bd6 16. Nc4 Nc5 17. Qb5 f4 18. Rad1 fxe3 19. fxe3 Qg5 20. Qc6 h6 21. Bxe5 Bxe5 22. Qd5+ Kh8 23. Nxe5 Qxe3+ 24. Kh1 Rxf1+ 25. Rxf1 Re8 26. Ng6+ Kh7 27. Nf8+ Kh8 28. Qf5 Qe4 29. Ng6+ Kh7 30. Nf8+ Kh8 31. Qf7 Nd3 32. Qxc7 Ne1 33. Qg3 Qe2 34. Qf2 Nd3 35. Qxe2 Rxe2 36. h4 Rxb2 37. h5 Ne5 38. Rf5 Ng4 39. Ng6+ Kh7 40. Rf8 Rb1+ 0-1

[Event "GER-ch Blitz 2019"]
[Site "Magdeburg"]
[Date "2019.05.25"]
[Round "10.8"]
[White "Braeuning, Rudolf Wilhelm"]
[Black "Zelbel, Patrick"]
[Result "0-1"]
[ECO "A36"]
[WhiteElo "2285"]
[BlackElo "2439"]
[Annotator "NA"]
[PlyCount "146"]
[EventDate "2019.05.25"]
[EventType "tourn"]
[EventCountry "GER"]
[Tiebreak "Number of wins+Number of black wins"]
[SourceTitle "playchess.com"]
[Source "ChessBase"]
[SourceQuality "1"]
[TimeControl "180+2"]

1. c4 c5 2. Nc3 Nc6 3. g3 g6 4. Bg2 Bg7 5. a3 e6 6. Rb1 Nge7 7. b4 cxb4 8. axb4 O-O 9. b5 Na5 10. c5 d6 11. cxd6 Qxd6 12. Qa4 Qc7 13. Nf3 b6 14. O-O Bb7 15.
Ba3 Rfc8 16. Rfc1 Qd8 17. Bb4 Nc4 18. d3 Nd6 19. h4 Nef5 20.
Qa3 Qd7 21. e4 Nd4 22. Nxd4 Bxd4 23. Bxd6 Bxc3 24. e5 Bxg2 25.
Kxg2 Bxe5 26. Bxe5 Qd5+ 27. Kh2 Rxc1 28. Qxc1 Qxe5 29. Qc6 Rd8 30. Rc1 Kg7 31. Qc7 Qxc7 32. Rxc7 Rxd3 33. Rxa7 Rd5 34. Rb7 Rxb5 35. Kg2 Rb3 36. f3 h5 37. Kf2 Kf6 38. Ke2 b5 39. Kf2 b4 40. g4 Rb2+ 41. Kg3 hxg4 42. fxg4 Rb3+ 43. Kf4 Rb1 44. h5 gxh5 45. gxh5 b3 46. h6 b2 47. h7 Rf1+ 48. Ke4 Kg7 49. Rxb2 Kxh7 50. Rg2 Rf5 51. Ke3 Kh6 52. Ke4 Rg5 53. Rf2 Kg6 54. Rh2 Ra5 55. Kf4 f6 56. Rg2+ Kf7 57. Rb2 Ra4+ 58. Kf3 Kg6 59. Rb8 Kf5 60. Rb5+ e5 61. Rc5 Ra3+ 62. Kf2 Kf4 63. Rc4+ e4 64. Kf1 Ra2 65. Rc3 f5 66. Rb3 e3 67. Kg1 Kf3 68. Rb1 f4 69. Rf1+ Kg3 70. Re1 e2 71. Kh1 f3 72. Rb1 Rd2 73. Rg1+ Kh3 0-1

[Event "GER-ch Blitz 2019"]
[Site "Magdeburg"]
[Date "2019.05.25"]
[Round "10.9"]
[White "Kopylov, Daniel"]
[Black "Heistermann, Till"]
[Result "0-1"]
[ECO "C41"]
[WhiteElo "2263"]
[BlackElo "2181"]
[Annotator "NA"]
[PlyCount "144"]
[EventDate "2019.05.25"]
[EventType "tourn"]
[EventCountry "GER"]
[Tiebreak "Number of wins+Number of black wins"]
[SourceTitle "playchess.com"]
[Source "ChessBase"]
[SourceQuality "1"]
[TimeControl "180+2"]

1. e4 d6 2. d4 e5 3. Nf3 exd4 4. Nxd4 Nf6 5. Nc3 Be7 6. Bc4 O-O 7. O-O Re8 8. h3 Nbd7 9. Re1 Bf8 10. a4 c6 11. Bf4 Ne5 12. Bxe5 dxe5 13. Nf3 Nd7 14. Qd2 Be7 15. Rad1 Bf6 16. Ne2 Qe7 17. Ng3 Nc5 18. a5 g6 19. b4 Ne6 20. c3 Nf4 21. Ne2 Be6 22. Bxe6 Nxe6 23. Qd7 Rad8 24. Qxe7 Rxe7 25. Rxd8+ Nxd8 26. Rd1 Ne6 27. g3 Kf8 28. Nc1 Ke8 29. Nb3 Rd7 30. Rxd7 Kxd7 31. h4 h5 32. Ne1 b6 33. Nd3 Nc7 34. c4 Ne6 35.
Kf1 g5 36. hxg5 Nxg5 37. Nd2 Ke6 38. f4 Nh7 39. f5+ Kd6 40.
Nf3 c5 41. axb6 axb6 42. bxc5+ bxc5 43. Ke2 Nf8 44. Nc1 Nd7 45. Na2 Nb6 46. Kd3 Na4 47. Nd2 Bg5 48. Nb1 Nb2+ 49. Kc3 Nd1+ 50. Kd3 Nf2+ 51. Ke2 Nxe4 52. Nac3 Nxc3+ 53. Nxc3 Be7 54. Ne4+ Kc6 55. Kf3 f6 56. Kg2 Kb6 57. Nc3 Ka5 58. Nd5 Bd8 59. Kh3 Ka4 60. Kh4 Kb3 61. Kxh5 Kxc4 62. Ne3+ Kd3 63. Nd5 c4 64. Kg6 c3 65. g4 c2 66. Nb4+ Kd2 67. Nxc2 Kxc2 68. Kf7 e4 69. Ke8 Bb6 70. Ke7 Bd4 71. Ke6 e3 72. Kd5 Kd3 0-1

[Event "GER-ch Blitz 2019"]
[Site "Magdeburg"]
[Date "2019.05.25"]
[Round "10.10"]
[White "Barzen, Pascal"]
[Black "Schmaltz, Roland"]
[Result "1-0"]
[ECO "B07"]
[WhiteElo "2292"]
[BlackElo "2461"]
[Annotator "ChessBase"]
[PlyCount "65"]
[EventDate "2019.05.25"]
[EventType "tourn"]
[EventCountry "GER"]
[Tiebreak "Number of wins+Number of black wins"]
[SourceTitle "playchess.com"]
[Source "ChessBase"]
[SourceQuality "1"]
[TimeControl "180+2"]

1. e4 d6 2. d4 Nf6 3. Nc3 g6 4. Be3 a6 5. f3 b5 6. Qd2 Nbd7 7. O-O-O Nb6 8.
Bd3 Bb7 9. Kb1 e6 10. h4 h6 11. g4 h5 12. g5 Nfd7 13. f4 b4 14. Nce2 d5 15.
Ng3 dxe4 16. Nxe4 Be7 17. Nf3 Nd5 18. Ne5 Rb8 19. Ka1 O-O 20.
Rhe1 Nxe3 21. Qxe3 Bd5 22. c4 bxc3 23. Nxc3 Bb7 24. Nxg6 Re8 25. Nxe7+ Qxe7 26. Qe2 Qb4 27. Rd2 Nf8 28. Qxh5 Red8 29. g6 fxg6 30. Bxg6 Rxd4 31. Bf7+ Kg7 32. Qe5+ Kxf7 33. Rxd4
1-0

[Event "GER-ch Blitz 2019"]
[Site "Magdeburg"]
[Date "2019.05.25"]
[Round "10.11"]
[White "Stein, Robert"]
[Black "Hebbinghaus, Holger"]
[Result "1-0"]
[ECO "A41"]
[WhiteElo "2318"]
[BlackElo "2310"]
[Annotator "NA"]
[PlyCount "67"]
[EventDate "2019.05.25"]
[EventType "tourn"]
[EventCountry "GER"]
[Tiebreak "Number of wins+Number of black wins"]
[SourceTitle "playchess.com"]
[Source "ChessBase"]
[SourceQuality "1"]
[TimeControl "180+2"]

1. d4 d6 2. Nf3 Bg4 3. c4 Nd7 4. Nc3 e5 5. e3 Ngf6 6. Be2 Be7 7. O-O O-O 8. b3 c6 9. h3 Bh5 10. dxe5 dxe5 11. Bb2 Qc7 12. Nd2 Bxe2 13. Qxe2 Rfd8 14. Nde4 Nxe4 15. Nxe4 f5 16. Ng3 g6 17. Rad1 Bf6 18. Qc2 Nf8 19. Ne2 Bg7 20. c5 Qf7 21. a3 Ne6 22. b4 a6 23. Nc1 Rxd1 24. Rxd1 Rd8 25. Nb3 Rxd1+ 26. Qxd1 Qe7 27. Na5 Nd8 28. e4 f4 29. Nc4 Nf7 30.
Qg4 Qd8 31. Qe6 Kf8 32. Nxe5 Bxe5 33. Bxe5 Qg5 34. Bf6 1-0

[Event "GER-ch Blitz 2019"]
[Site "Magdeburg"]
[Date "2019.05.25"]
[Round "10.12"]
[White "Krause, Benedict"]
[Black "Zuyev, Igor"]
[Result "1-0"]
[ECO "B36"]
[WhiteElo "2434"]
[BlackElo "2447"]
[Annotator "NA"]
[PlyCount "57"]
[EventDate "2019.05.25"]
[EventType "tourn"]
[EventCountry "GER"]
[Tiebreak "Number of wins+Number of black wins"]
[SourceTitle "playchess.com"]
[Source "ChessBase"]
[SourceQuality "1"]
[TimeControl "180+2"]

1. e4 c5 2. Nf3 g6 3. d4 cxd4 4. Nxd4 Nc6 5. c4 Nf6 6. Nc3 d6 7. Be2 Bg7 8. Nc2 O-O 9. O-O Be6 10. Be3 Nd7 11. Qd2 Nc5 12. f3 a6 13.
Rac1 Rc8 14. b4 Nd7 15. Nd5 Bxd5 16. cxd5 Nce5 17. Na3 f5 18. f4 Nf7 19. exf5 gxf5 20. Bd3 Nh8 21. Rxc8 Qxc8 22. Rc1 Qd8 23. Nc4 Ng6 24. g3 Nf6 25. Bxf5 b5 26. Be6+ Kh8 27. Na5 Ne4 28. Qd3 Nf6 29. Rc8 1-0

[Event "GER-ch Blitz 2019"]
[Site "Magdeburg"]
[Date "2019.05.25"]
[Round "10.13"]
[White "Frischmann, Rick"]
[Black "Schneider, Ilja"]
[Result "1-0"]
[ECO "B07"]
[WhiteElo "2320"]
[BlackElo "2494"]
[Annotator "ChessBase"]
[PlyCount "47"]
[EventDate "2019.05.25"]
[EventType "tourn"]
[EventCountry "GER"]
[Tiebreak "Number of wins+Number of black wins"]
[SourceTitle "playchess.com"]
[Source "ChessBase"]
[SourceQuality "1"]
[TimeControl "180+2"]

1. e4 d6 2. d4 Nf6 3. Nc3 e5 4. Nf3 exd4 5. Nxd4 Be7 6. Be2 O-O 7. Bf4 Nc6 8. Qd2 Nxd4 9. Qxd4 Bg4 10.
f3 Be6 11. O-O-O a6 12. Qe3 b5 13. g4 Re8 14. e5 Nd7 15.
exd6 cxd6 16. Bxd6 Bxd6 17. Rxd6 Bxa2 18. Qd4 Be6 19. f4 Qa5 20. Bf3 Rac8 21. f5 b4 22. fxe6 bxc3 23. exf7+ Kxf7 24. Rxd7+ 1-0

[Event "GER-ch Blitz 2019"]
[Site "Magdeburg"]
[Date "2019.05.25"]
[Round "10.14"]
[White "Carow, Johannes"]
[Black "Hirneise, Jens"]
[Result "1/2-1/2"]
[ECO "A05"]
[WhiteElo "2445"]
[BlackElo "2375"]
[Annotator "NA"]
[PlyCount "152"]
[EventDate "2019.05.25"]
[EventType "tourn"]
[EventCountry "GER"]
[Tiebreak "Number of wins+Number of black wins"]
[SourceTitle "playchess.com"]
[Source "ChessBase"]
[SourceQuality "1"]
[TimeControl "180+2"]

1. Nf3 Nf6 2. g3 g6 3. Bg2 Bg7 4. O-O O-O 5. d4 d6 6. b3 e5 7. Bb2 e4 8. Nfd2 d5 9. c4 c6 10. Nc3 Re8 11. f3 exf3 12. exf3 dxc4 13. Nxc4 Be6 14. Ba3 Bf8 15. Bxf8 Rxf8 16. Qd2 Nbd7 17. Rad1 Nb6 18. Ne5 Nbd5 19. Ne4 Nd7 20. Ng5 Nxe5 21. dxe5 Qb6+ 22. Rf2 Rfd8 23. Re1 Qb4 24. Ne4 Qxd2 25. Rxd2 Ne7 26. Rxd8+ Rxd8 27. Nd6 Nf5 28. Nxb7 Rd2 29. Na5 Bd5 30. Rf1 Ne3 31. Rf2 Rd1+ 32. Bf1 Nxf1 33. Rxf1 Rd2 34. Rf2 Rd1+ 35. Kg2 Re1 36. Rc2 Rxe5 37. Nxc6 Bxc6 38. Rxc6 Re2+ 39. Kh3 Rxa2 40. Rc7 Rb2 41. Rb7 a5 42. Ra7 Rxb3 43. Rxa5 Rxf3 44. Kg2 Rb3 45. Rc5 Kg7 46. Rc6 h5 47. Rc5 Kf8 48. Rc7 Kg7 49. Rc6 Re3 50. Rb6 Re5 51. Kf3 Rf5+ 52. Kg2 Rf6 53. Rb5 Rd6 54. Rb2 Rd3 55. Kf2 Ra3 56. Kg2 g5 57. h3 Kg6 58. Rb6+ f6 59. Rb2 Kf5 60. Rb5+ Kg6 61. Rb2 Rc3 62. Ra2 h4 63. gxh4 gxh4 64. Ra5 Rg3+ 65. Kh2 f5 66. Ra8 Rb3 67. Kg2 Kg5 68. Ra4 Rg3+ 69. Kh2 Kf6 70. Rxh4 Rg8 71. Rh6+ Ke5 72. Ra6 f4 73. Ra5+ Ke4 74. Ra4+ Ke3 75. Ra3+ Ke4 76. Ra4+ Ke5 1/2-1/2